 Dungeon Crawl Stone Soup version 0.31.0-9-g3a7656b989 (webtiles) character file.

Game seed: 10886739118721534042

536 qw the Skirmisher (level 7, -2/40 HPs)
             Began as a Deep Elf Hunter on Feb 2, 2024.
             Slain by a hound (3 damage)
             ... on level 5 of the Dungeon.
             The game lasted 00:00:11 (2363 turns).

qw the Skirmisher (Deep Elf Hunter)                 Turns: 2363, Time: 00:00:12

Health: -2/40      AC: 11    Str: 10    XL:     7   Next: 4%
Magic:  0/9        EV: 10    Int: 14    God:
Gold:   205        SH:  0    Dex: 24    Spells: 6/6 levels left

rFire   + . .        a - +0 shortbow
rCold   . . .        (shield currently unavailable)
rNeg    . . .        n - +4 scale mail
rPois   .            b - +0 helmet
rElec   .            (no cloak)
rCorr   .            (no gloves)
SInv    .            (no boots)
Will    .....        l - amulet of guardian spirit
Stlth   +            e - +6 ring of dexterity
HPRegen 0.26/turn    k - ring of protection from fire
MPRegen 0.11/turn

%: guardian spirit
@: no status effects
A: no striking features
a: no special abilities


You were on level 5 of the Dungeon.
You visited 1 branch of the dungeon, and saw 5 of its levels.

You collected 205 gold pieces.


   Skills:
 - Level 2.1 Fighting
 + Level 10.4 Ranged Weapons
 - Level 1.0 Armour
 - Level 3.0 Dodging
 - Level 1.2 Stealth


You had 6 spell levels left.
You didn't know any spells.
Your spell library was empty.

Inventory:

Hand Weapons
 a - a +0 shortbow (weapon)
Armour
 b - a +0 helmet (worn)
 n - a +4 scale mail (worn)
Jewellery
 e - a +6 ring of dexterity (left hand)
 k - a ring of protection from fire (right hand)
 l - an amulet of guardian spirit (around neck)
 o - a ring of willpower
Scrolls
 j - a scroll of blinking {unknown}
Potions
 d - a potion of cancellation {unknown}
 g - 2 potions of curing
 h - a potion of haste {unknown}
 i - a potion of brilliance {unknown}
 p - a potion of resistance {unknown}
 q - a potion of lignification {unknown}
 r - a potion of might {unknown}

Dungeon Overview and Level Annotations

Branches:
Dungeon (5/15)
 Temple: D:4-7

Altars:
Nemelex Xobeh
Trog
Wu Jian


Message History

The hound bites you.
The iguana bites you but does no damage.
The hound completely misses you.
The iguana bites you but does no damage.
You shoot an arrow. The arrow closely misses the hound.
The hound bites you but does no damage. The hound misses you.
The iguana closely misses you.
You shoot an arrow. The arrow hits the hound!
You kill the hound!
The iguana bites you.
You have reached level 7!
You shoot an arrow. The arrow completely misses the iguana.
The iguana completely misses you.
A hound comes into view.
You shoot an arrow. The hound barks!
The arrow hits the iguana but does no damage.
The iguana bites you.
You shoot an arrow. The arrow barely misses the iguana.
The arrow hits the hound.
The hound is lightly wounded.
The iguana barely misses you. x2
You shoot an arrow.
The arrow hits the iguana but does no damage.
The iguana bites you.
You shoot an arrow. The arrow hits the iguana.
The iguana is lightly wounded.
The iguana bites you.
A gnoll comes into view. It is wielding a +0 flail.
Enter note: You shoot an arrow.
The arrow barely misses the hound.
The gnoll shouts!
You hear a shout!
The hound barely misses you.
The iguana bites you but does no damage.
The hound closely misses you.
You shoot an arrow. The arrow hits the hound!
The hound is severely wounded.
The hound bites you.
You die...

.........###
... ...##.....
#... # ....g..
.## .........
#.. .........
..# # ......
##.##..
......##......#
......l.......#
#h@......#
#........#
#.........
#.........
##########


You could see an iguana, a hound and a gnoll.

Vanquished Creatures
  A water moccasin (D:5)
  2 scorpions
  2 bombardier beetles (D:5)
  2 hounds
  Robin (D:2)
  5 gnolls
  5 adders
  2 ribbon worms
  6 orcs
  6 ball pythons
  8 endoplasms
  5 giant cockroaches
  15 goblins
  10 hobgoblins
  2 quokkas
  3 frilled lizards
  4 kobolds
  8 rats
87 creatures vanquished.

Notes
Turn   | Place    | Note
-------+----------+-------------------------------------------
     0 | D:1      | qw the Deep Elf Hunter began the quest for the Orb.
     0 | D:1      | Reached XP level 1. HP: 12/12 MP: 3/3
     0 | D:1      | 0 ||| qw: Version: 0.3-a-155-g5e7d8dd
     0 | D:1      | 0 ||| qw: Game counter: 965
     0 | D:1      | 0 ||| qw: Melee chars always use a shield: true
     0 | D:1      | 0 ||| qw: God list: Okawaru
     0 | D:1      | 0 ||| qw: Allow faded altars: false
     0 | D:1      | 0 ||| qw: Do Orc after clearing Dungeon:15 true
     0 | D:1      | 0 ||| qw: Do second Lair branch before Depths: true
     0 | D:1      | 0 ||| qw: Lair rune preference: random
     0 | D:1      | 0 ||| qw: Goals: Normal
     0 | D:1      | 0 ||| PLANNING D:1-11
   108 | D:1      | Reached XP level 2. HP: 16/16 MP: 4/4
   113 | D:1      | Reached skill level 6 in Ranged Weapons
   379 | D:1      | 379 ||| UPGRADING to +6 ring of dexterity.
   380 | D:1      | 380 ||| READING scroll labelled QITAITSU TUESU.
   381 | D:1      | 381 ||| READING scroll labelled WARU DABRE.
   382 | D:1      | 382 ||| DROPPING scroll of butterflies.
   441 | D:2      | Reached XP level 3. HP: 20/20 MP: 5/5
   445 | D:2      | Noticed a scorpion
   449 | D:2      | Killed a scorpion
   450 | D:2      | Reached skill level 7 in Ranged Weapons
   450 | D:2      | Reached XP level 4. HP: 25/25 MP: 6/6
   485 | D:2      | Noticed Robin
   494 | D:2      | Killed Robin
   499 | D:2      | Reached skill level 3 in Dodging
   602 | D:2      | Reached skill level 8 in Ranged Weapons
   744 | D:2      | Reached XP level 5. HP: 27/29 MP: 7/7
  1072 | D:2      | 1072 ||| UPGRADING to +0 helmet.
  1077 | D:2      | 1077 ||| UPGRADING to amulet of guardian spirit.
  1082 | D:2      | 1082 ||| DROPPING ring of fire.
  1083 | D:2      | 1083 ||| UPGRADING to ring of protection from fire.
  1084 | D:2      | 1084 ||| DRINKING 2 amethyst potions.
  1085 | D:2      | 1085 ||| DRINKING 2 murky coppery potions.
  1230 | D:3      | 1230 ||| FLEEEEING.
  1231 | D:3      | 1231 ||| FLEEEEING.
  1232 | D:3      | 1232 ||| FLEEEEING.
  1233 | D:3      | 1233 ||| FLEEEEING.
  1234 | D:3      | 1234 ||| FLEEEEING.
  1235 | D:3      | 1235 ||| FLEEEEING.
  1236 | D:3      | 1236 ||| FLEEEEING.
  1240 | D:3      | 1240 ||| FLEEEEING.
  1241 | D:3      | 1241 ||| FLEEEEING.
  1242 | D:3      | 1242 ||| FLEEEEING.
  1243 | D:3      | 1243 ||| FLEEEEING.
  1244 | D:3      | 1244 ||| FLEEEEING.
  1245 | D:3      | 1245 ||| FLEEEEING.
  1401 | D:3      | Found a bloodstained altar of Trog.
  1576 | D:3      | 1576 ||| UPGRADING to +0 ring mail.
  1586 | D:3      | 1586 ||| DROPPING +0 leather armour.
  1587 | D:3      | 1587 ||| UPGRADING to +4 scale mail.
  1597 | D:3      | 1597 ||| DROPPING +0 ring mail.
  1598 | D:3      | 1598 ||| READING scroll labelled UFEGOI OWNUUL.
  1830 | D:4      | Reached skill level 9 in Ranged Weapons
  1990 | D:4      | Reached skill level 1 in Armour
  2112 | D:4      | Found an ornate altar of the Wu Jian Council.
  2213 | D:4      | Found a sparkling altar of Nemelex Xobeh.
  2256 | D:4      | 2256 ||| READING 2 scrolls labelled DOIKKI BIAHUC.
  2259 | D:4      | 2259 ||| READING scroll labelled KIELLYAKIU.
  2260 | D:4      | 2260 ||| DRINKING 2 bubbling inky potions.
  2261 | D:4      | 2261 ||| DROPPING potion of attraction.
  2266 | D:5      | Entered Level 5 of the Dungeon
  2277 | D:5      | Reached XP level 6. HP: 35/35 MP: 8/8
  2320 | D:5      | Noticed a water moccasin
  2323 | D:5      | 2323 ||| RETREEEEATING.
  2326 | D:5      | 2326 ||| RETREEEEATING.
  2328 | D:5      | 2328 ||| RETREEEEATING.
  2334 | D:5      | Killed a water moccasin
  2335 | D:5      | Reached skill level 10 in Ranged Weapons
  2335 | D:5      | HP: 5/35 [gnoll bouda/+0 whip (4)]
  2336 | D:5      | 2336 ||| READING scroll of teleportation.
  2337 | D:5      | 2337 ||| DRINKING potion of heal wounds.
  2354 | D:5      | HP: 8/35 [hound (2)]
  2357 | D:5      | Reached XP level 7. HP: 8/40 MP: 2/9
  2360 | D:5      | HP: 2/40 [iguana (5)]
  2363 | D:5      | Slain by a hound

Levels and vault maps discovered:
D:1:      erik_arrival_blinker_ship, layout_basic, minmay_shallow_snake_nest
D:2:      layout_loops_ring, chequers_avenue, uniq_robin
D:3:      layout_rooms, lemuel_doored_altar
D:4:      layout_gridville, nemelex_diamond_rough_becter,
          nicolae_wu_jian_immortal_techniques
D:5:      layout_rooms, mainiacjoe_overflow_cross_hatched,
          minmay_temple_entry_overgrown, serial_corexii_hall,
          corexii_hall_statues_l, corexii_hall_statues_i,
          chequers_hall_statues_wall_a, corexii_hall_statues_l,
          hangedman_abyss_or_decor_passed, uniq_sigmund

Skill      XL: |  1  2  3  4  5  6 |
---------------+-------------------+-----
Ranged Weapons | 6 7 8 9 10 | 10.4
Dodging        | 3 |  3.0
Armour         | 1 |  1.0
Fighting       | 2 |  2.1
Stealth        | |  1.2

Action                     |  1- 3 |  4- 6 |  7- 9 || total
---------------------------+-------+-------+-------++-------
   Fire: Shortbow          |    40 |   192 |     7 ||   239
    Use: Scroll            |     2 |     4 |       ||     6
         Potion            |       |     4 |       ||     4
 Armour: Leather armour    |     4 |     8 |       ||    12
         Scale mail        |       |    38 |     5 ||    43
  Dodge: Dodged            |     2 |    43 |     5 ||    50

Table legend:
 A = Non-vault XP
 B = Vault XP
 C = Vault XP percentage of total XP
 D = Non-vault monster count
 E = Vault monster count
 F = Vault count percentage of total count
                 A         B        C        D         E       F
            +---------+---------+-------+---------+---------+-------
      Total |     723 |      43 |   5.6 |      71 |      16 |  18.4
            +---------+---------+-------+---------+---------+-------
        D:1 |      19 |       8 |  29.6 |      12 |       4 |  25.0
        D:2 |     159 |      35 |  18.0 |      21 |      12 |  36.4
        D:3 |      40 |       0 |   0.0 |      14 |       0 |   0.0
        D:4 |     113 |       0 |   0.0 |      16 |       0 |   0.0
        D:5 |     392 |       0 |   0.0 |       8 |       0 |   0.0
            +---------+---------+-------+---------+---------+-------
